 Dungeon Crawl Stone Soup version 0.29-a0-730-g5686a2c4f1 (webtiles) character file.

Game seed: 8769795831307886091

90 dolemite99 the Shooter (level 4, 0/33 HPs)
             Began as a Djinni Hunter on June 29, 2022.
             Was a Plaything of Xom.
             Slain by a necrophage (6 damage)
             ... on level 3 of the Dungeon.
             The game lasted 00:03:25 (1797 turns).

dolemite99 the Shooter (Djinni Hunter)              Turns: 1797, Time: 00:03:26

Health: 0/33       AC:  4    Str: 10    XL:     4   Next: 85%
Gold:   71         EV: 12    Int: 11    God:    Xom [.....*] SH:  0 Dex: 18

rFire   + + .      SeeInvis .   a - +0 shortbow
rCold   x . .      Faith    .   (shield currently unavailable)
rNeg    . . .      Spirit   .   c - +1 leather armour
rPois   ∞          Reflect  .   (no helmet)
rElec   .          Harm     .   (no cloak)
rCorr   .          Rampage  .   (no gloves)
Will    .....                   (boots unavailable)
Stlth   ++........              (no amulet)
HPRegen 0.11/turn               (no ring)
MPRegen 0.00/turn               (no ring)

@: flying
A: sickness immunity, fire resistance 2, cold vulnerability 1, float, innate
caster, HP casting, extra vitality 1
a: Renounce Religion


You were on level 3 of the Dungeon.
You worshipped Xom.
You were Xom's teddy bear.
You visited 1 branch of the dungeon, and saw 3 of its levels.

You collected 71 gold pieces.

Inventory:

Hand Weapons
 a - a +0 shortbow (weapon)
 k - a +0 short sword
 n - the +2 long sword of Tumult {vorpal, Str+3 Int+4 Dex+4}
   (You found it on level 2 of the Dungeon)

   It inflicts extra damage upon your enemies.
   Str:       It affects your strength (+3).
   Int:       It affects your intelligence (+4).
   Dex:       It affects your dexterity (+4).
Armour
 c - a +1 leather armour (worn)
 g - a +0 plate armour
Scrolls
 b - 2 scrolls of immolation
 e - 2 scrolls of teleportation
 o - a scroll of brand weapon {unknown}
 p - a scroll of noise {unknown}
 q - a scroll of identify {unknown}
Potions
 d - a potion of curing {unknown}
 f - a potion of heal wounds {unknown}
 h - a potion of berserk rage {unknown}
 i - a potion of flight {unknown}
 j - a potion of haste
 l - a potion of magic {unknown}
 m - 3 potions of invisibility {unknown}


   Skills:
 - Level 2.0 Fighting
 + Level 4.8 Ranged Weapons
 - Level 2.1 Dodging
 - Level 0.7 Stealth


You had 2 spell levels left.
You knew the following spells:

 Your Spells              Type           Power      Damage    Failure   Level
a - Sting                 Tmut/Pois      0%         1d3       43%         1
Your spell library was empty.

Dungeon Overview and Level Annotations

Branches:
Dungeon (3/15)

Altars:
Elyvilon
Xom


Innate Abilities, Weirdness & Mutations

You are immune to sickness and miasma.
You are immune to poison.
Your flesh is very heat resistant. (rF++)
You are vulnerable to cold. (rC-)
You float through the air rather than walking.
You learn spells naturally, not from books.
Your magical power is your life essence.
You have superior vitality. (+4 MHP)


Message History

Press: ? - help, Q - select action, (/) - cycle Shift-Dir - straight line, f/p - necrophage
Aim: a necrophage (magical condensation, moderately damaged)
You shoot an arrow.
The arrow hits the necrophage but does no damage.
The necrophage is moderately damaged.
The necrophage hits you.
Fire: a) +0 shortbow
Press: ? - help, Q - select action, (/) - cycle Shift-Dir - straight line, f/p - necrophage
Aim: a necrophage (magical condensation, lightly damaged)
You shoot an arrow. The arrow barely misses the necrophage.
The necrophage barely misses you.
Fire: a) +0 shortbow
Press: ? - help, Q - select action, (/) - cycle Shift-Dir - straight line, f/p - necrophage
Aim: a necrophage (magical condensation, lightly damaged)
You shoot an arrow.
The arrow closely misses the necrophage.
The necrophage barely misses you. The necrophage hits you.
Fire: a) +0 shortbow
Press: ? - help, Q - select action, (/) - cycle Shift-Dir - straight line, f/p - necrophage
Aim: a necrophage (magical condensation, lightly damaged)
You shoot an arrow. The arrow hits the necrophage.
The necrophage is moderately damaged.
The necrophage hits you.
* * * LOW HITPOINT WARNING * * *
Fire: a) +0 shortbow
Press: ? - help, Q - select action, (/) - cycle Shift-Dir - straight line, f/p - necrophage
Aim: a necrophage (moderately damaged)
You shoot an arrow. The arrow barely misses the necrophage.
Xom makes a sudden noise!
You hear someone calling for help!
You are now Xom's teddy bear.
The necrophage hits you.
* * * LOW HITPOINT WARNING * * *
Fire: a) +0 shortbow
Press: ? - help, Q - select action, (/) - cycle Shift-Dir - straight line, f/p - necrophage
Aim: a necrophage (moderately damaged)
You shoot an arrow.
The arrow closely misses the necrophage.
The necrophage hits you.
You die...
Xom chortles!

# #.# #...# #........ # #.#
#####...##### #........
#.#####...........####........
#.............(......#........
#<#####...........##.#........
#..# #####...######.#........
##.# #...# #.#........ #.#
#.§§# #.#.......# #.# #§§@#
#.#.......# # #.# ##n##
#.#.....>.# #####.# #.......#
#.........# ......# #.####..#
###.).....# ####### #..#
#.......# .... #........ .#.#.
#.......# ... . ######### . ..
.#


You could see a necrophage.

Vanquished Creatures
  A gnoll (D:3)
  3 adders
  8 bats
  7 endoplasms
  4 goblins
  4 hobgoblins (D:1)
  4 jackals (D:2)
  4 quokkas
  A ball python (D:1)
  6 frilled lizards
  3 kobolds
  2 rats
47 creatures vanquished.

Notes
Turn   | Place    | Note
-------+----------+-------------------------------------------
     0 | D:1      | dolemite99 the Djinni Hunter began the quest for the Orb.
     0 | D:1      | Reached XP level 1. HP: 18/18 MP: 0/0
   189 | D:1      | Reached XP level 2. HP: 23/23 MP: 0/0
   467 | D:1      | You are sucked into a shaft and drop 1 floor!
   709 | D:1      | Reached XP level 3. HP: 27/28 MP: 0/0
   709 | D:1      | Learned a level 1 spell: Sting
   713 | D:1      | Reached skill level 4 in Ranged Weapons
   713 | D:1      | Found a faded altar of an unknown god.
   799 | D:1      | Prayed at the altar of an unknown god.
   799 | D:1      | Became a worshipper of Xom the Elder Chaos God
   971 | D:2      | Identified the +2 long sword of Tumult {vorpal, Str+3 Int+4
                  | Dex+4}
  1091 | D:2      | Found a white marble altar of Elyvilon.
  1176 | D:2      | XOM: noise
  1218 | D:2      | Reached XP level 4. HP: 33/33 MP: 0/0
  1585 | D:3      | XOM: polymorph rat -> gnoll
  1779 | D:3      | Noticed a necrophage
  1786 | D:3      | XOM: smoke on damage
  1796 | D:3      | XOM: noise
  1797 | D:3      | Slain by a necrophage

Illustrated notes

Levels and vault maps discovered:
D:1:      zelgadis_glass_arrival_small, layout_basic,
          shapermc_ecumenical_altar_mp_highgroup, minmay_heptomino_w4
D:2:      wad_pebble_path, layout_loops_ring, basic_altar,
          kennysheep_generic_room_4
D:3:      minmay_wonky_spiral, layout_loops_cross

Skill      XL: |  1  2  3 |
---------------+----------+-----
Ranged Weapons | 4 |  4.8
Fighting       | |  2.0
Dodging        | |  2.1
Stealth        | |  0.7

Action                   |  1- 3 |  4- 6 || total
-------------------------+-------+-------++-------
 Fire: Shortbow          |    79 |    61 ||   140
  Use: Scroll            |     3 |       ||     3
Armor: Leather armour    |    12 |    10 ||    22
Dodge: Dodged            |    19 |    22 ||    41

Table legend: (Time is in decaauts)
 A = Elapsed time spent in this place.
 B = Non-inter-level travel time spent in this place.
 C = Inter-level travel time spent in this place.
 D = Time resting spent in this place.
 E = Time spent auto-exploring this place.
 F = Levels seen in this place.
 G = Mean time per level.
                   A        B        C        D        E       F      G
               +--------+--------+--------+--------+--------+-----+--------+
         Total |   1842 |   1773 |     69 |    120 |   1275 |   3 |  614.0 |
       Dungeon |   1842 |   1773 |     69 |    120 |   1275 |   3 |  614.0 |
               +--------+--------+--------+--------+--------+-----+--------+

Top non-repeatable levels by time:
     D:1: 834 daAuts
     D:2: 695 daAuts
     D:3: 312 daAuts
